 Dungeon Crawl Stone Soup version 0.32-a0-975-g85d4e5bfdb (webtiles) character file.

Game seed: 1453533011301120140

152 Strat the Vexing (level 5, 0/37 HPs)
             Began as a Coglin Hexslinger on Apr 19, 2024.
             Slain by an orc
             ... wielding a +0 mace
              (1 damage)
             ... on level 4 of the Dungeon.
             The game lasted 00:04:21 (2225 turns).

Strat the Vexing (Coglin Hexslinger)                Turns: 2225, Time: 00:04:22

Health: 0/37       AC:  3    Str:  8    XL:     5   Next: 34%
Magic:  6/6        EV: 11    Int: 13    God:
Gold:   103        SH:  0    Dex: 18    Spells: 1/6 levels left

rFire   . . .        a - +1 sling {Jia}
rCold   + . .        d - -2 sling {Kansuke}
rNeg    . . .        y - +0 robe {rC+}
rPois   .            (no helmet)
rElec   .            (no cloak)
rCorr   .            j - +0 pair of gloves
SInv    .            (no boots)
Will    .....        (amulet unavailable)
Stlth   ++           (ring unavailable)
HPRegen 0.26/turn    (ring unavailable)
MPRegen 0.10/turn    (no gizmo)

%: no passive effects
@: lethally poisoned (0 -> -5)
A: off-hand wielding, slow wielding, warmup strikes, no jewellery
a: Invent Gizmo, Convert to Beogh


You were on level 4 of the Dungeon.
You visited 1 branch of the dungeon, and saw 4 of its levels.

You collected 103 gold pieces.

Inventory:

Hand Weapons
 a - a +1 sling (weapon) {Jia}
 d - a -2 sling (offhand) {Kansuke}
Missiles
 l - 5 darts of dispersal
 v - 2 throwing nets
Armour
 c - a +0 robe
 j - a +0 pair of gloves (worn)
 y - a +0 robe of cold resistance (worn)
Wands
 s - a wand of mindburst (11)
Scrolls
 b - 2 scrolls of poison
 g - a scroll of enchant weapon {unknown}
 i - 2 scrolls of immolation {unknown}
 m - a scroll of silence {unknown}
 p - a scroll of fear {unknown}
 q - a scroll of blinking {unknown}
 x - 3 scrolls of torment {unknown}
 z - a scroll of fog {unknown}
 A - a scroll of amnesia {unknown}
 B - a scroll of butterflies {unknown}
 C - a scroll of teleportation {unknown}
Potions
 e - 2 potions of curing
 h - a potion of haste
 k - a potion of berserk rage {unknown}
 n - a potion of heal wounds {unknown}
 o - a potion of brilliance {unknown}
 r - a potion of magic {unknown}
 t - a potion of resistance {unknown}
 u - a potion of lignification {unknown}
 w - a potion of ambrosia {unknown}


   Skills:
 - Level 1.0 Fighting
 + Level 3.8 Ranged Weapons
 - Level 1.7 Dodging
 - Level 1.0 Spellcasting
 + Level 3.9 Hexes
 - Level 0.9 Fire Magic


You had one spell level left.
You knew the following spells:

 Your Spells              Type           Power      Damage    Failure   Level
a - Jinxbite              Hex            22%        N/A       9%          2
b - Sigil of Binding      Hex            11%        N/A       17%         3

Your spell library contained the following spells:

 Spells                   Type           Power      Damage    Failure   Level
 Inner Flame              Hex/Fire       7%         N/A       30%         3
 Cause Fear               Hex            5%         N/A       50%         4
 Dimensional Bullseye     Hex/Tloc       2%         N/A       77%         4
 Ignite Poison            Fire/Alch      1%         N/A       93%         4
 Sticky Flame             Fire/Alch      1%         2d4       93%         4
 Ignition                 Fire           1%         3d3       100%        8


Dungeon Overview and Level Annotations

Branches:
Dungeon (4/15)
 Temple: D:4-7

Altars:

Shops:
D:1 =


Innate Abilities, Weirdness & Mutations

You can wield a second weapon in your off-hand.
It takes a long time for you to wield or remove held weapons.
Your first few attacks do less damage.
You cannot equip rings or amulets.


Message History

The orc priest invokes the aid of Beogh against you.
Beogh smites you!
* * * LOW HITPOINT WARNING * * *
An orc comes into view. It is wielding a +0 mace.
The orc shouts!
You hear a shout!
You shoot a sling bullet. The sling bullet hits the orc.
The orc is heavily wounded.
You shoot a sling bullet.
The sling bullet closely misses the orc.
The orc priest looks satisfied for a moment.
The orc hits you but does no damage.
An orc wizard comes into view. It is wielding a +0 dagger.
An orc comes into view. It is wielding a +0 mace.
The orc barely misses you.
An orc comes into view.
It is wielding a +2 short sword of venom.
The orc shouts! x2
The orc barely misses you.
A hound comes into view.
The orc throws a boomerang.
The boomerang closely misses you. The orc attacks as it pursues you!
The orc hits you with a +0 mace.
* * * LOW HITPOINT WARNING * * *
A hobgoblin comes into view.
The orc attacks as it pursues you! The orc barely misses you.
The orc wizard hits you but does no damage.
The orc attacks as it pursues you! The orc hits you with a +0 mace.
* * * LOW HITPOINT WARNING * * *
The orc wizard mumbles some strange words.
The orc wizard flickers and vanishes!
Deactivating autopickup; reactivate with Ctrl-A.
The orc hits you with a +2 short sword of venom.
* * * LOW HITPOINT WARNING * * *
You are lethally poisoned!
There is an open door here.
* * * LOW HITPOINT WARNING * * *
You feel very sick. The orc attacks as it pursues you!
The orc barely misses you.
* * * LOW HITPOINT WARNING * * *
You feel sick. The orc attacks as it pursues you!
The orc hits you with a +0 mace.
You die...

#. #.h.##....#
. .........o.#
.
............#
.............#
...........o.#
....g.o){.#
....####'###
....#..o...#
.g. #..@...#
.. #......#
#......#
#.<....#
#......#
########


You could see an orc priest and 2 orcs.

Vanquished Creatures
  Jessica (D:3)
  A sleepcap (D:4)
  4 adders
  3 dart slugs
  A ribbon worm (D:3)
  An orc (D:3)
  5 endoplasms
  5 giant cockroaches
  8 goblins
  A hobgoblin (D:1)
  2 jackals (D:1)
  4 quokkas
  4 ball pythons
  5 bats
  2 frilled lizards (D:2)
  7 kobolds
  3 rats
57 creatures vanquished.

Notes
Turn   | Place    | Note
-------+----------+-------------------------------------------
     0 | D:1      | Strat the Coglin Hexslinger began the quest for the Orb.
     0 | D:1      | Reached XP level 1. HP: 15/15 MP: 2/2
    35 | D:1      | Found a faded altar of an unknown god.
   100 | D:1      | Found Orphojet's Jewellery Boutique.
   238 | D:1      | Reached XP level 2. HP: 21/21 MP: 3/3
   302 | D:1      | Learned a level 2 spell: Jinxbite
   692 | D:2      | Reached XP level 3. HP: 26/26 MP: 4/4
  1203 | D:3      | Reached XP level 4. HP: 28/32 MP: 5/5
  1256 | D:3      | Learned a level 3 spell: Sigil of Binding
  1661 | D:3      | Noticed Jessica
  1665 | D:3      | Killed Jessica
  1940 | D:3      | Reached XP level 5. HP: 37/37 MP: 6/6
  2225 | D:4      | HP: 1/37 [poisoned by an orc]
  2225 | D:4      | Slain by an orc

Illustrated notes

Levels and vault maps discovered:
D:1:      ebering_hopf_link, layout_basic, basic_ecumenical_altar, serial_shops,
          nicolae_shop_window_shopping
D:2:      layout_loops_cross, st_stairs_6, grunt_ministairs_14,
          palyth_stone_intersect, minmay_goblin_kobold_house
D:3:      layout_basic, uniq_jessica
D:4:      layout_gridville, nicolae_ru_great_annihilating_truth, trog_wizard,
          uniq_robin, uniq_pikel

Skill      XL: |  1  2  3 |
---------------+----------+-----
Ranged Weapons | 2 3 |  3.8
Hexes          | 3 |  3.9
Fighting       | |  1.0
Dodging        | |  1.7
Spellcasting   | |  1.0
Fire Magic     | |  0.9

Action                     |  1- 3 |  4- 6 || total
---------------------------+-------+-------++-------
   Fire: Sling             |   166 |   108 ||   274
   Cast: Jinxbite          |     1 |       ||     1
    Use: Scroll            |       |     2 ||     2
 Armour: Robe              |    15 |    15 ||    30
  Dodge: Dodged            |    14 |    16 ||    30

Table legend: (Time is in decaauts)
 A = Elapsed time spent in this place.
 B = Non-inter-level travel time spent in this place.
 C = Inter-level travel time spent in this place.
 D = Time resting spent in this place.
 E = Time spent auto-exploring this place.
 F = Levels seen in this place.
 G = Mean time per level.
                   A        B        C        D        E       F      G
               +--------+--------+--------+--------+--------+-----+--------+
         Total |   2258 |   2172 |     86 |      0 |   1804 |   4 |  564.5 |
       Dungeon |   2258 |   2172 |     86 |      0 |   1804 |   4 |  564.5 |
               +--------+--------+--------+--------+--------+-----+--------+

Top non-repeatable levels by time:
     D:3: 962 daAuts
     D:2: 655 daAuts
     D:1: 561 daAuts
     D:4: 78 daAuts
